AoeStats
← john3206

Black Forest

511472644Analyzed
3v3 RM · 12d ago on Oct 5, 2026· 54m 49s· 6 players
Game mode
Random Map
Map size
Normal (6 player)
Population
200
Speed
Normal
Resources
Standard
Victory
Conquest
Starting age
Dark Age
Ending age
Imperial Age
RankedLock teamsTeams togetherTeam positionsShared explorationLock speedFull tech treeHidden civsTurbo modeCheats
Victory
Defeat
🇲🇽 Saracens · Mexico
1247
+11
🇲🇽 Britons · Mexico
1240
+12
🇲🇽 Japanese · Mexico
1150
+15
vs
🇺🇸 Poles · United States
1140
-13
🇺🇸 Danes · United States
1139
-13
🇺🇸 Teutons · United States
1134
-12
dLevantine
0:44 Loom
9:41 Feudal Age
10:03 Man-at-Arms
10:07 Man-at-Arms
11:12 Arson
14:09 Double-Bit Axe
14:06 Horse Collar
17:56 Stone Mining
19:49 Fishing Lines
24:23 Castle Age
22:48 Gold Mining
25:04 Wheelbarrow
25:25 Forging
25:15 Scale Mail Armor
25:37 Bow Saw
25:31 Heavy Plow
25:23 Gillnets
26:14 Gold Shaft Mining
27:55 Hand Cart
32:47 Fletching
33:33 Iron Casting
33:13 Chain Mail Armor
33:56 Guard Tower
34:01 Murder Holes
35:11 Treadmill Crane
35:38 Yasama
36:19 Town Watch
39:05 Imperial Age
37:04 Ballistics
36:24 Treadmill Crane
36:43 Bodkin Arrow
38:03 Masonry
38:26 Town Patrol
40:46 Chemistry
39:32 Arrowslits
40:23 Keep
39:54 Padded Archer Armor
40:57 Blast Furnace
40:40 Kataparuto
40:41 Conscription
39:52 Capped Ram
42:35 Two-Man Saw
43:09 Onager
44:24 Elite Samurai
49:05 Siege Engineers
ojitos007
0:44 Loom
12:17 Feudal Age
18:28 Castle Age
16:48 Double-Bit Axe
21:31 Fishing Lines
22:22 Gillnets
24:07 Bow Saw
24:11 Town Watch
24:53 Horse Collar
27:11 Fletching
30:59 Imperial Age
28:53 Bodkin Arrow
28:59 Padded Archer Armor
32:44 Chemistry
31:58 Bracer
32:21 Elite Longbowman
34:07 Wheelbarrow
35:22 Leather Archer Armor
35:10 Heavy Plow
36:00 Crossbowman
37:12 Warwolf
37:34 Yeomen
37:37 Conscription
37:53 Hand Cart
38:35 Arbalester
43:17 Town Patrol
44:26 Two-Man Saw
43:56 Gold Mining
43:59 Stone Mining
43:32 Cranequins
43:34 Heavy Mounted Crossbowman
43:37 Elite Skirmisher
44:59 Hoardings
44:47 Ballistics
44:39 Fortified Wall
47:14 Gold Shaft Mining
47:20 Ring Archer Armor
47:02 Forging
46:52 Scale Mail Armor
46:58 Scale Barding Armor
46:36 Sappers
50:13 Iron Casting
49:54 Chain Mail Armor
54:41 Spies/Treason
Terror_Khan
0:47 Loom
7:46 Loom
12:01 Feudal Age
13:45 Wheelbarrow
13:02 Double-Bit Axe
17:54 Castle Age
18:46 Town Watch
21:17 Horse Collar
26:51 Hand Cart
26:32 Gold Mining
27:53 Gold Shaft Mining
27:31 Bow Saw
28:06 Stone Mining
29:49 Forging
29:47 Scale Barding Armor
32:12 Iron Casting
32:12 Chain Barding Armor
35:31 Imperial Age
33:08 Husbandry
35:37 Bloodlines
35:50 Ballistics
35:37 Heavy Plow
36:34 Elite Mameluke
37:41 Conscription
37:50 Bimaristan
39:07 Blast Furnace
38:44 Plate Barding Armor
38:28 Town Patrol
40:50 Two-Man Saw
40:54 Counterweights
41:51 Fervor
42:18 Sanctity
43:25 Heavy Camel Rider
45:09 Chemistry
44:17 Siege Engineers
43:47 Onager
51:03 Fletching
52:40 Siege Onager
55:25 Masonry
55:12 Bodkin Arrow
Rodent Born Out of Wedlock
0:41 Loom
13:07 Feudal Age
17:07 Castle Age
15:47 Scale Mail Armor
15:49 Fishing Lines
16:26 Double-Bit Axe
17:23 Forging
19:09 Arson
19:29 Squires
21:25 Horse Collar
25:21 Chain Mail Armor
32:07 Wheelbarrow
32:20 Fletching
32:31 Padded Archer Armor
33:47 Bodkin Arrow
34:45 Ballistics
34:28 Elite Skirmisher
35:58 Leather Archer Armor
38:25 Bow Saw
44:35 Hand Cart
44:27 Heavy Plow
banthafodder
12:06 Feudal Age
18:20 Castle Age
16:23 Double-Bit Axe
24:38 Fishing Lines
25:50 Wheelbarrow
25:39 Gillnets
26:07 Horse Collar
26:39 Bow Saw
26:57 Town Watch
29:05 Hand Cart
32:47 Imperial Age
30:25 Gold Mining
31:13 Heavy Plow
31:32 Scale Mail Armor
31:43 Forging
31:23 Fletching
32:31 Chain Mail Armor
31:39 Pikeman
32:19 Squires
32:05 Arson
33:08 Capped Ram
34:05 Bodkin Arrow
36:57 Crenellations
36:00 Elite Teutonic Knight
37:01 Conscription
37:35 Plate Mail Armor
37:40 Iron Casting
37:06 Padded Archer Armor
38:59 Fortified Wall
38:59 Masonry
39:11 Ballistics
40:04 Two-Man Saw
40:00 Hoardings
40:10 Siege Engineers
41:48 Blast Furnace
46:32 Chemistry
44:57 Halberdier
john3206
0:27 Loom
12:47 Feudal Age
14:35 Double-Bit Axe
16:09 Man-at-Arms
17:18 Fletching
21:44 Castle Age
27:11 Town Watch
39:26 Wheelbarrow
47:30 Light Cavalry
48:20 Bloodlines
48:10 Husbandry
51:45 Imperial Age
49:55 Fortified Wall
51:03 Masonry
51:25 Light Cavalry
52:16 Bloodlines
52:06 Husbandry
52:05 Bodkin Arrow
52:21 Forging
52:16 Scale Barding Armor
Connection lost

Rejoining the realm…

Still unreachable

The connection could not be restored.

Session expired

The server has moved on; the page needs a fresh start.